 Dungeon Crawl Stone Soup version 0.28.0-45-g0d030f2227 (webtiles) character file.

Game seed: 8743107919944903492

555 CryoSword the Sneak (level 7, -11/34 HPs)
             Began as a Vine Stalker Enchanter on Apr 1, 2022.
             Killed from afar by Pikel (15 damage)
             ... with an iceblast
             ... on level 4 of the Dungeon.
             The game lasted 00:06:21 (4214 turns).

CryoSword the Sneak (Vine Stalker Enchanter)        Turns: 4214, Time: 00:06:21

Health: -11/34     AC:  5    Str: 10    XL:     7   Next: 30%
Magic:  0/12       EV: 11    Int: 17    God:
Gold:   136        SH:  4    Dex: 15    Spells: 1/12 levels left

rFire   . . .      SeeInvis .   k - +2 whip (elec)
rCold   . . .      Faith    .   o - +0 buckler
rNeg    . . .      Spirit   +   p - +0 leather armour
rPois   .          Reflect  .   h - +1 hat
rElec   .          Harm     .   (no cloak)
rCorr   .          Rampage  .   s - +0 pair of gloves
Will    .....                   (no boots)
Stlth   +++.......              (no amulet)
HPRegen 0.91/turn               f - ring of flight
MPRegen 0.13/turn               q - ring of wizardry

@: flying
A: fangs 2, regeneration 1, magic shield, antimagic bite, no potion heal 2
a: no special abilities


You were on level 4 of the Dungeon.
You visited 1 branch of the dungeon, and saw 4 of its levels.

You collected 136 gold pieces.

Inventory:

Hand Weapons
 a - a +1 dagger
 e - a +0 short sword
   (You took it off a kobold on level 1 of the Dungeon)
 k - a +2 whip of electrocution (weapon)
   (You found it on level 2 of the Dungeon)
Missiles
 b - 9 bolts
 j - 5 poisoned darts
 l - 10 atropa-tipped darts (quivered)
Armour
 h - a +1 hat (worn)
   (You found it on level 3 of the Dungeon)
 o - a +0 buckler (worn)
   (You found it on level 3 of the Dungeon)
 p - a +0 leather armour (worn)
   (You found it on level 2 of the Dungeon)
 s - a +0 pair of gloves (worn)
   (You found it on level 4 of the Dungeon)
Jewellery
 f - a ring of flight (left hand)
   (You found it on level 1 of the Dungeon)
 i - a ring of fire
   (You found it on level 1 of the Dungeon)
 q - a ring of wizardry (right hand)
   (You found it on level 4 of the Dungeon)
Scrolls
 d - a scroll of amnesia {unknown}
 m - a scroll of noise {unknown}
 r - a scroll of identify {@r1}
Potions
 c - a potion of invisibility
 g - 2 potions of mutation {!q}
 n - a potion of attraction {!q}
 t - a potion of ambrosia {unknown}
 u - a potion of curing {unknown}


   Skills:
 + Level 1.9 Fighting
 * Level 3.3 Short Blades
 - Level 1.5 Dodging
 * Level 5.9 Stealth
 * Level 1.5 Shields
 + Level 3.2 Spellcasting
 * Level 4.8 Hexes


You had one spell level left.
You knew the following spells:

 Your Spells              Type           Power      Damage    Failure   Level
a - Ensorcelled Hibernat  Hex/Ice        20%        N/A       8%          2
b - Confusing Touch       Hex            19%        N/A       5%          3
c - Tukima's Dance        Hex            19%        N/A       5%          3
d - Dazzling Flash        Conj/Hex       20%        N/A       14%         3

Your spell library contained the following spells:

 Spells                   Type           Power      Damage    Failure   Level


Dungeon Overview and Level Annotations

Branches:
Dungeon (4/15)             Temple (0/1) D:4

Altars:
Cheibriados
Xom
Zin

Annotations:
D:4 Edmund, Grinder, Pikel


Innate Abilities, Weirdness & Mutations

You have extremely sharp teeth.
Your natural rate of healing is unusually fast.
When hurt, damage is shared between your health and your magic reserves.
Your bite disrupts and absorbs the magic of your enemies.
Potions cannot restore your health.


Message History

The necrophage hits you.
You hit the necrophage but do no damage.
The necrophage appears confused.
You bite the necrophage. You drain its power.
You feel invigorated.
You barely miss the necrophage.
The necrophage hits you but does no damage.
You hit the necrophage. Your bite misses the necrophage.
You block the necrophage's attack.
You whack the necrophage!
Lightning courses through the necrophage!!
You destroy the necrophage!
Your Shields skill increases to level 1!
You have reached level 7!
This spell is dangerous to cast!
Memorise Tukima's Dance, consuming 3 spell levels and leaving 4?
You start memorising the spell.
You continue memorising. x3
You finish memorising.
Spell assigned to 'c'.
This spell is quite dangerous to cast!
Memorise Dazzling Flash, consuming 3 spell levels and leaving 1?
You start memorising the spell.
You continue memorising. x3
You finish memorising.
Spell assigned to 'd'.
An endoplasm is nearby!
An endoplasm is nearby!
An endoplasm is nearby!
The helpless endoplasm fails to defend itself.
You whack the endoplasm!
You kill the endoplasm!
No target in view!
A giant cockroach comes into view.
Found a stone staircase leading down.
A giant cockroach is nearby!
A giant cockroach is nearby!
A giant cockroach is nearby!
The giant cockroach misses you.
You whack the giant cockroach!
You kill the giant cockroach!
No target in view!
No target in view!
You see here a giant cockroach corpse.
Found a robe.
An orc comes into view. It is wielding a +0 hand axe.
An orc is nearby!
An orc is nearby!
An orc is nearby!
The orc shouts!
Found a fuming emerald potion.
You closely miss the orc. The orc hits you with a +0 hand axe.
You closely miss the orc. The orc barely misses you. x2
You hit the orc. You block the orc's attack.
You hit the orc.
You kill the orc!
No target in view!
An ogre is nearby!
An ogre is nearby!
An ogre is nearby!
Things that are here:
a +0 hand axe; an orc corpse The ogre shouts!
You hit the ogre. You bite the ogre. You drain its power.
You feel invigorated.
The ogre hits you with a +0 giant club!!
You are too injured to fight recklessly!
Aim: an ogre, wielding a +0 giant club (moderately wounded, chance to affect: 50%)
The ogre resists with significant effort.
You hit the ogre. You bite the ogre. You drain its power.
You feel invigorated. The ogre barely misses you.
Aim: an ogre, wielding a +0 giant club (moderately wounded, chance to affect: 50%)
The ogre resists with significant effort.
You block the ogre's attack.
You hit the ogre. You bite the ogre, but do no damage.
You block the ogre's attack.
You hit the ogre. You bite the ogre, but do no damage.
The ogre hits you with a +0 giant club!!
You don't have enough magic to cast this spell.
You see here a +0 long sword.
Aim: an ogre, wielding a +0 giant club (severely wounded, chance to affect: 50%)
The ogre resists with significant effort.
The ogre hits you with a +0 giant club!
You closely miss the ogre. You bite the ogre. You drain its power.
You feel invigorated. The ogre closely misses you.
You hit the ogre but do no damage. Lightning courses through the ogre!
You kill the ogre!
Things that are here:
a +0 giant club; a +0 long sword You see here a +0 whip.
Key pressed, stopping explore.
Things that are here:
a +0 hand axe; an orc corpse
u - a fuming emerald potion A ball python comes into view.
A ball python is nearby!
A ball python is nearby!
A ball python is nearby!
The ball python hisses angrily.
You hit the ball python. The ball python barely misses you.
The ball python grabs you. The ball python constricts you.
You block the ball python's attack. The ball python constricts you.
You hit the ball python.
You kill the ball python!
No target in view!
A lemure comes into view.
A lemure is nearby!
A lemure is nearby!
A lemure is nearby!
A lemure comes into view.
Found a hunting sling.
The lemure moves out of view.
A lemure comes into view.
Found a staircase to the Ecumenical Temple.
The lemure shouts! x2; You hear a shout!
Pikel, Merchant of Souls comes into view.
He is wielding a +2 whip of freezing and carrying a wand of iceblast (13).
As you open the door, it creaks loudly!
A lemure comes into view.
The lemure shouts!
You hear a shout! x2
Grinder comes into view.
You barely miss the lemure. The lemure hits you.
The lemure hits you but does no damage. The lemure misses you.
You hit the lemure. Your bite misses the lemure. The lemure hits you.
You block the lemure's attack. The lemure closely misses you.
You hit the lemure but do no damage. You bite the lemure. You drain its power.
You feel invigorated.
The lemure hits you. x2; The lemure hits you!
You hit the lemure. You bite the lemure, but do no damage.
The lemure completely misses you. You block the lemure's attack.
The lemure closely misses you.
Pikel says, "You'll make a fine lemure."
You hit the lemure. The lemure hits you. The lemure misses you.
Grinder blinks!
You block the lemure's attack.
You closely miss the lemure. You bite the lemure. You drain its power.
You feel invigorated. You block the lemure's attack. The lemure hits you.
The lemure closely misses you.
You hit the lemure. You bite the lemure. You drain its power.
You feel invigorated. You block the lemure's attack.
The lemure closely misses you. x2
You whack the lemure! The lemure barely misses you.
You block the lemure's attack. The lemure hits you but does no damage.
You hit the lemure. You bite the lemure.
You kill the lemure!
That felt strangely unrewarding.
The lemure hits you.
Pikel hits you with a +2 whip of freezing.
* * * LOW HITPOINT WARNING * * *
Pikel freezes you.
* * * LOW HITPOINT WARNING * * *
The lemure closely misses you.
Grinder says, "My boss said I was rubbish.
His entrails said otherwise."
Pikel zaps a wand.
The mass of ice explodes!
The iceblast engulfs you!
* * * LOW HITPOINT WARNING * * *
Okay, then.
Pikel zaps a wand.
The mass of ice explodes!
The iceblast engulfs you!
You die...

#.# #.# ################.#
#####.##### ## ..........#...##.#
#.....#... .
.................###.......######
..........#...##.....).....#.....
..............##...........#.##..
.....................5........>..
.....#####...###.##.##.#.#.#.#.##
..)....# #...#..@.#.##.# #.#..)..
.......###...#....#.##.#.#.###...
.........'........#5#...... #...
.....#####.......#K5'...... #.#.
.....#####.......####...... #...
.................# ....... ##..
............#....# .K...... #..
...########.#....# .>.....### #..
....#............# .# .....


You could see Pikel.

Vanquished Creatures
  A necrophage (D:4)
  An ogre (D:4)
  A lemure (D:4)
  A bullfrog zombie (D:4)
  2 orc priests (D:2)
  2 jellies (D:2)
  Jessica (D:2)
  Natasha (thrice) (D:2)
  Terence (D:2)
  An orc wizard (D:3)
  An adder (D:2)
  A dart slug (D:3)
  A worm (D:3)
  6 orcs
  8 ball pythons
  10 endoplasms
  2 giant cockroaches
  8 goblins
  3 hobgoblins
  13 kobolds
  2 quokkas
  4 bats
  A frilled lizard (D:2)
  7 rats
81 creatures vanquished.

Vanquished Creatures (others)
  10 toadstools (D:2)
10 creatures vanquished.

Grand Total: 91 creatures vanquished

Notes
Turn   | Place    | Note
-------+----------+-------------------------------------------
     0 | D:1      | CryoSword the Vine Stalker Enchanter began the quest for
                  | the Orb.
     0 | D:1      | Reached XP level 1. HP: 9/9 MP: 4/4
    30 | D:1      | Reached skill level 1 in Short Blades
    58 | D:1      | Reached XP level 2. HP: 2/13 MP: 0/6
   324 | D:1      | Learned a level 2 spell: Ensorcelled Hibernation
   684 | D:1      | Found a faded altar of an unknown god.
  1345 | D:1      | Reached skill level 4 in Stealth
  1530 | D:2      | Noticed Natasha
  1539 | D:2      | Killed Natasha
  1540 | D:2      | Reached XP level 3. HP: 17/17 MP: 4/7
  1542 | D:2      | Noticed Natasha
  1647 | D:1      | Learned a level 3 spell: Confusing Touch
  1648 | D:2      | Noticed Jessica
  1654 | D:2      | Killed Jessica
  1655 | D:2      | Gained mutation: Your natural rate of healing is unusually
                  | fast. [Vine Stalker growth]
  1655 | D:2      | Reached XP level 4. HP: 21/21 MP: 8/8
  1765 | D:2      | Reached skill level 1 in Fighting
  1832 | D:2      | Reached XP level 5. HP: 25/25 MP: 9/9
  2051 | D:2      | Noticed Terence
  2083 | D:2      | Killed Terence
  2084 | D:2      | Reached skill level 5 in Stealth
  2194 | D:2      | Killed Natasha
  2509 | D:2      | Noticed Natasha
  2519 | D:2      | Killed Natasha
  2520 | D:2      | Reached XP level 6. HP: 30/30 MP: 1/11
  3339 | D:3      | Found a glowing silver altar of Zin.
  3679 | D:4      | Noticed Edmund
  3858 | D:4      | Found a snail-covered altar of Cheibriados.
  3874 | D:4      | Found a shimmering altar of Xom.
  3887 | D:4      | Noticed a necrophage
  3901 | D:4      | Killed a necrophage
  3902 | D:4      | Reached skill level 1 in Shields
  3902 | D:4      | Reached XP level 7. HP: 34/34 MP: 9/12
  3906 | D:4      | Learned a level 3 spell: Tukima's Dance
  3910 | D:4      | Learned a level 3 spell: Dazzling Flash
  4188 | D:4      | Found a staircase to the Ecumenical Temple.
  4188 | D:4      | Noticed Pikel
  4201 | D:4      | Noticed Grinder
  4214 | D:4      | Killed from afar by Pikel

Illustrated notes

Levels and vault maps discovered:
D:1:      nicolae_arrival_memento_mori, layout_basic,
          ebering_ecumenical_altar_sacrificial, serial_co_window_serial,
          co_window_corner_a, co_window_paths_a, co_window_paths_b,
          co_window_cross_1, co_window_paths_a, co_window_of_opportunity_a,
          co_window_paths_a, co_window_broadway_b, co_window_broadway_a,
          co_window_2corner, co_window_sun
D:2:      cheibrodos_fertilizer, layout_rooms, uniq_terence, uniq_jessica,
          uniq_natasha
D:3:      layout_loops_cross, zin_treasury
D:4:      layout_basic, xom_teletrap_fun, grunt_temple_overflow_diamond,
          mainiacjoe_overflow_alcove_1, mainiacjoe_overflow_brackets,
          minmay_temple_entry_offerings, uniq_edmund, uniq_grinder, uniq_pikel,
          uniq_menkaure

Skill      XL: |  1  2  3  4  5  6 |
---------------+-------------------+-----
Short Blades   | 1 2 3 |  3.3
Stealth        | 4 5 |  5.9
Fighting       | 1 |  1.9
Hexes          | 4 |  4.8
Spellcasting   | 3 |  3.2
Shields        | 1 |  1.5
Dodging        | |  1.5

Action                   |  1- 3 |  4- 6 |  7- 9 || total
-------------------------+-------+-------+-------++-------
Melee: Dagger            |    55 |     5 |       ||    60
       Bite              |    16 |    41 |    10 ||    67
       Punch             |     1 |       |       ||     1
       Whip              |       |   153 |    23 ||   176
Throw: Dart              |       |     1 |       ||     1
 Cast: Ensorcelled Hiber |     7 |     9 |       ||    16
       Confusing Touch   |       |     1 |       ||     1
       Tukima's Dance    |       |       |     3 ||     3
  Use: Scroll            |       |     3 |       ||     3
 Stab: Sleeping          |     5 |    12 |     1 ||    18
Armor: Robe              |    16 |     8 |       ||    24
       Leather armour    |       |    18 |     2 ||    20
Dodge: Dodged            |    47 |    73 |    16 ||   136
Block: Buckler           |       |    21 |    10 ||    31
